 Dungeon Crawl Stone Soup version 0.31-a0-1-g4198be8af4 (webtiles) character file.

Game seed: 7486079292817127219

104 domi the Firebug (level 4, -6/28 (30) HPs)
             Began as a Demonspawn Fire Elementalist on Apr 30, 2023.
             Mangled by a wight
             ... wielding a +0 falchion
              (10 damage)
             ... on level 3 of the Dungeon.
             The game lasted 00:03:18 (2427 turns).

domi the Firebug (Demonspawn Fire Elementalist)     Turns: 2427, Time: 00:03:18

HP:   -6/28 (30)    AC:  2    Str:  8    XL:     4   Next: 52%
MP:   2/7           EV: 12    Int: 19    God:
Gold: 82            SH:  0    Dex: 13    Spells: 4/7 levels left

rFire   . . .        (no weapon)
rCold   . . .        (no shield)
rNeg    . . .        a - +0 robe
rPois   .            (helmet restricted)
rElec   .            (no cloak)
rCorr   .            (no gloves)
SInv    .            (no boots)
Will    .....        (no amulet)
Stlth   ++           (no ring)
HPRegen 0.24/turn    (no ring)
MPRegen 0.10/turn

%: no passive effects
@: weak-willed, drained
A: horns 1, sturdy frame 2
a: no special abilities


You were on level 3 of the Dungeon.
You visited 1 branch of the dungeon, and saw 3 of its levels.

You collected 82 gold pieces.

Inventory:

Armour
 a - a +0 robe (worn)
 f - a scarf of resistance
   (You found it on level 1 of the Dungeon)
Jewellery
 j - a +4 ring of protection
   (You found it on level 1 of the Dungeon)
 p - a ring of ice {rC+, rF-}
   (You found it on level 2 of the Dungeon)
Scrolls
 c - 3 scrolls of fog {unknown}
 d - a scroll of vulnerability {!r!r}
 g - 2 scrolls of enchant weapon {unknown}
 i - 2 scrolls of fear {unknown}
 k - 2 scrolls of enchant armour {unknown}
 o - a scroll of teleportation {unknown}
Potions
 b - a potion of magic
 e - 4 potions of heal wounds {unknown}
 h - 2 potions of degeneration {unknown}
 l - a potion of mutation {unknown}
 m - 2 potions of attraction {unknown}
 n - 2 potions of brilliance {unknown}
 q - a potion of curing {unknown}


   Skills:
 - Level 1.7 Dodging
 - Level 1.7 Stealth
 - Level 2.0 Spellcasting
 + Level 3.1 Conjurations
 + Level 3.9 Fire Magic


You had 4 spell levels left.
You knew the following spells:

 Your Spells              Type           Power      Damage    Failure   Level
u - Scorch                Fire           32%        2d6       4%          2
y - Foxfire               Conj/Fire      60%        2x1d7     4%          1

Your spell library contained the following spells:

 Spells                   Type           Power      Damage    Failure   Level
 Inner Flame              Hex/Fire       9%         N/A       22%         3
 Volatile Blastmotes      Fire/Tloc      18%        2d11      22%         3
 Cigotuvi's Dreadful Rot  Necr/Pois/Air  2%         N/A       26%         2
 Lesser Beckoning         Tloc           2%         N/A       26%         2
 Ignite Poison            Fire/Tmut/Pois 6%         N/A       30%         3
 Flame Wave               Conj/Fire      15%        2d7       36%         4
 Gell's Gravitas          Tloc           1%         N/A       45%         3
 Teleport Other           Tloc           1%         N/A       45%         3
 Vhi's Electric Charge    Tloc/Air       2%         N/A       45%         3
 Arcjolt                  Conj/Air       3%         1d13      94%         5
 Freezing Cloud           Conj/Ice/Air   2%         6-21      97%         5
 Maxwell's Capacitive Co  Air            0%         ∞         100%        8


Dungeon Overview and Level Annotations

Branches:
Dungeon (3/15)

Altars:

Shops:
D:2 ?


Innate Abilities, Weirdness & Mutations

You have a pair of small horns on your head.
Your movements are less encumbered by armour. (ER -4)


Message History

a +0 club; a +0 sling; a goblin corpse You now have 73 gold pieces (gained 14).
A goblin and a quokka come into view.
There are monsters nearby!
There are monsters nearby!
There are monsters nearby!
You conjure some foxfire!
The foxfire hits the quokka.
Flames lash the quokka.
You kill the quokka!
Flames lash the goblin.
You kill the goblin!
m - 2 amethyst potions (gained 1)
n - 2 brown potions (gained 1)
There is a stone staircase leading up here.
You now have 82 gold pieces (gained 9).
Done exploring.
Done exploring.
Done exploring.
Done exploring.
Done exploring.
Done exploring.
(D) Dungeon
Where to? (Enter - D:2, ? - help)
There is a stone staircase leading down here.
You climb downwards.
There is a stone staircase leading up here.
A ball python comes into view.
A ball python is nearby!
A ball python is nearby!
A ball python is nearby!
You conjure some foxfire!
Unknown command.
The ball python hisses angrily.
You conjure some foxfire!
The foxfire hits the ball python.
You miscast Scorch.
You are very lightly contaminated with residual magic.
Nothing appears to happen.
The foxfire hits the ball python.
You kill the ball python!
You can't see any susceptible monsters within range! (Use Z to cast anyway.) Unknown command.
Your magical contamination has completely faded away. 2 wights come into view.
There are monsters nearby!
There are monsters nearby!
There are monsters nearby!
Unknown command.
You can't see any susceptible monsters within range! (Use Z to cast anyway.) Unknown command.
You can't see any susceptible monsters within range! (Use Z to cast anyway.)
Okay, then.
You conjure some foxfire!
You conjure some foxfire!
The foxfire hits the wight but does no damage. x2
Flames lash the wight.
The wight's fire resistance burns away.
The foxfire hits the wight.
The wight is burned terribly!
The foxfire hits the wight but does no damage.
You conjure some foxfire!
The wight hits you with a +0 flail.
You feel drained.
Okay, then.
The foxfire hits the wight.
The wight is burned terribly!
The foxfire hits the wight but does no damage.
You conjure some foxfire!
The wight is no longer more vulnerable to fire.
The wight misses you.
The foxfire hits the wight but does no damage.
The foxfire hits the wight.
You destroy the wight!
Your life force feels restored.
Your Conjurations skill increases to level 3!
You have reached level 4!
You feel clever.
Your demonic ancestry asserts itself...
A pair of horns grows on your head!
You start resting.
Things that are here:
a +0 flail; a +0 robe A wight is nearby!
A wight is nearby!
A wight is nearby!
A wight is nearby!
A wight comes into view. It is wielding a +0 trident.
The wight moves out of view.
You see here 2 smoky brown potions.
e - 4 smoky brown potions (gained 2) Flames lash the wight but do no damage.
Flames lash the wight.
The wight's fire resistance burns away.
A ball python comes into view.
The wight attacks as you move away! The wight hits you with a +0 falchion!
You conjure some foxfire!
The wight hits you with a +0 falchion.
You feel drained.
The foxfire hits the wight but does no damage.
The wight attacks as you move away! The wight barely misses you.
The wight is no longer more vulnerable to fire.
The wight attacks as you move away! The wight hits you with a +0 falchion!
* * * LOW HITPOINT WARNING * * *
You feel drained.
* * * LOW HITPOINT WARNING * * *
As you read the scroll labelled AFOOVADGHER, it crumbles to dust.
Magic quickly surges around you.
It was a scroll of vulnerability.
The wight hits you with a +0 falchion!
You die...

###. ..S ...
#.. #.# #.#
#.###### #.#
#....†.#
#.#########.#
#..zz@..).#.#
#######...#.#
#######.....#
.........####
#######.##
#......#
#.######
#.######
#.#....#


You could see 2 wights.

Vanquished Creatures
  A wight (D:3)
  2 adders (D:2)
  4 ball pythons
  4 bats
  3 endoplasms
  A giant cockroach (D:1)
  6 goblins
  3 hobgoblins (D:1)
  4 kobolds
  2 quokkas (D:2)
  2 frilled lizards (D:1)
  4 rats (D:1)
36 creatures vanquished.

Vanquished Creatures (others)
  123 foxfires
123 creatures vanquished.

Grand Total: 159 creatures vanquished

Notes
Turn   | Place    | Note
-------+----------+-------------------------------------------
     0 | D:1      | domi the Demonspawn Fire Elementalist began the quest for
                  | the Orb.
     0 | D:1      | Reached XP level 1. HP: 13/13 MP: 3/3
   238 | D:1      | Reached skill level 3 in Fire Magic
   239 | D:1      | Gained mutation: Your movements are slightly less
                  | encumbered by armour. (ER -2) [demonic ancestry]
   239 | D:1      | Reached XP level 2. HP: 19/19 MP: 0/5
   943 | D:1      | Reached skill level 2 in Conjurations
  1056 | D:1      | Learned a level 2 spell: Scorch
  1404 | D:2      | Gained mutation: Your movements are less encumbered by
                  | armour. (ER -4) [demonic ancestry]
  1404 | D:2      | Reached XP level 3. HP: 24/24 MP: 0/6
  1478 | D:2      | Found Cowang's Magic Scroll Shop.
  2334 | D:3      | Noticed a wight
  2334 | D:3      | Noticed a wight
  2347 | D:3      | Killed a wight
  2348 | D:3      | Reached skill level 3 in Conjurations
  2348 | D:3      | Gained mutation: You have a pair of small horns on your
                  | head. [demonic ancestry]
  2348 | D:3      | Reached XP level 4. HP: 20/30 MP: 0/7
  2426 | D:3      | HP: 6/29 [wight/+0 falchion (7)]
  2427 | D:3      | Mangled by a wight

Illustrated notes

Levels and vault maps discovered:
D:1:      dpeg_arrival_short_road, layout_loops_ring
D:2:      layout_loops_ring, serial_shops, shop
D:3:      layout_basic, nemelex_diamond_rough_becter, minmay_rat_hole,
          uniq_terence

Skill      XL: |  1  2  3 |
---------------+----------+-----
Fire Magic     | 3 |  3.9
Conjurations   | 2 3 |  3.1
Dodging        | |  1.7
Stealth        | |  1.7
Spellcasting   | |  2.0

Action                     |  1- 3 |  4- 6 || total
---------------------------+-------+-------++-------
  Melee: Unarmed           |     1 |       ||     1
   Cast: Foxfire           |    78 |     1 ||    79
         Scorch            |     9 |     2 ||    11
    Use: Scroll            |       |     1 ||     1
 Armour: Robe              |     7 |       ||     7
  Dodge: Dodged            |    11 |     1 ||    12

Table legend: (Time is in decaauts)
 A = Elapsed time spent in this place.
 B = Non-inter-level travel time spent in this place.
 C = Inter-level travel time spent in this place.
 D = Time resting spent in this place.
 E = Time spent auto-exploring this place.
 F = Levels seen in this place.
 G = Mean time per level.
                   A        B        C        D        E       F      G
               +--------+--------+--------+--------+--------+-----+--------+
         Total |   2426 |   2412 |     14 |     68 |   2127 |   3 |  808.7 |
       Dungeon |   2426 |   2412 |     14 |     68 |   2127 |   3 |  808.7 |
               +--------+--------+--------+--------+--------+-----+--------+

Top non-repeatable levels by time:
     D:1: 1334 daAuts
     D:2: 881 daAuts
     D:3: 210 daAuts

Levels and vault maps discovered:
D:1:      dpeg_arrival_short_road, layout_loops_ring
D:2:      layout_loops_ring, serial_shops, shop
D:3:      layout_basic, nemelex_diamond_rough_becter, minmay_rat_hole,
          uniq_terence

Table legend: (Time is in decaauts)
 A = Elapsed time spent in this place.
 B = Non-inter-level travel time spent in this place.
 C = Inter-level travel time spent in this place.
 D = Time resting spent in this place.
 E = Time spent auto-exploring this place.
 F = Levels seen in this place.
 G = Mean time per level.
                   A        B        C        D        E       F      G
               +--------+--------+--------+--------+--------+-----+--------+
         Total |   2426 |   2412 |     14 |     68 |   2127 |   3 |  808.7 |
       Dungeon |   2426 |   2412 |     14 |     68 |   2127 |   3 |  808.7 |
               +--------+--------+--------+--------+--------+-----+--------+

Top non-repeatable levels by time:
     D:1: 1334 daAuts
     D:2: 881 daAuts
     D:3: 210 daAuts

Table legend:
 A = Kills in this place as a percentage of kills in the entire game.
 B = Kills by you in this place as a percentage of kills by you in the entire game.
 C = Kills by friends in this place as a percentage of kills by friends in the entire game.
 D = Other kills in this place as a percentage of other kills in the entire game.
 E = Experience gained in this place as a percentage of experience gained in the entire game.
 F = Experience gained in this place divided by the number of levels of this place that you have seen.
                   A       B       C       D       E      F
               +-------+-------+-------+-------+-------+----------------------
         Total | 100.0 | 100.0 |   N/A |   N/A | 100.0 |  49.7
       Dungeon | 100.0 | 100.0 |   N/A |   N/A | 100.0 |  49.7
               +-------+-------+-------+-------+-------+----------------------
